Map: Submarine LE

Players

Speight

  • Race: Zerg Zerg
  • League: Diamond
  • Spawn Location: 5:00

Subang - Winner!

  • Race: Zerg Zerg
  • League: Diamond
  • Spawn Location: 11:00

VOD

Have the link to the VOD?

Description

Time

  • Played on: July 22, 2020, 8:08 a.m.
  • Length: 14:15
Show
View Real Time Build Order
Export as new Build Order

Speight Zerg 

Build Orders: Hatch First 

Get SALT Encoding   

  12  0:01  Drone  
  13  0:12  Overlord  
  13  0:17  Drone  
  14  0:30  Drone x2  
  16  0:50  Hatchery  
  16  0:51  Drone  
  16  0:55  Drone  
  17  0:59  Drone  
  17  1:02  Extractor  
  17  1:16  Spawning Pool  
  17  1:18  Drone  
  17  1:21  Drone  
  18  1:30  Drone  
  19  1:39  Drone  
  20  1:56  Overlord  
  20  2:03  Queen x2  
  20  2:04  Zergling x2  
  20  2:05  Zergling x2  
  26  2:18  Drone x2  
  26  2:22  Drone  
  29  2:27  Drone  
  30  2:31  Metabolic Boost  
  30  2:35  Drone  
  31  2:37  Drone  
  31  2:39  Queen  
  34  2:47  Overlord  
  34  2:48  Drone  
  35  2:55  Lair  
  35  2:57  Drone  
  35  3:03  Overlord  
  35  3:05  Drone  
  36  3:08  Drone  
  37  3:15  Drone x4  
  37  3:16  Drone  
  42  3:20  Overlord  
  42  3:30  Drone  
  42  3:31  Drone x2  
  45  3:40  Drone, Hatchery  
  45  3:44  Drone x2  
  47  3:52  Roach Warren  
  47  3:55  Drone x3, Extractor  
  48  3:56  Extractor  
  48  3:58  Overlord  
  47  4:17  Overlord  
  47  4:18  Drone x7  
  54  4:30  Drone  
  55  4:32  Overlord  
  55  4:37  Drone  
  56  4:47  Roach x4  
  56  4:49  Glial Reconstitution  
  64  4:53  Evolution Chamber  
  64  4:56  Evolution Chamber, Roach x5  
  64  4:59  Drone  
  73  5:04  Overlord  
  73  5:07  Drone  
  74  5:09  Drone x3  
  74  5:10  Drone  
  78  5:16  Roach  
  78  5:20  Drone  
  81  5:25  Roach  
  81  5:26  Roach  
  84  5:32  Overlord, Roach x4  
  84  5:33  Drone  
  84  5:34  Drone  
  92  5:36  Drone  
  92  5:40  Zerg Missile Weapons Level 1, Zerg Ground Armor Level 1  
  93  5:43  Overlord  
  93  5:44  Drone  
  93  5:45  Drone x3  
  93  5:49  Drone  
  98  5:52  Drone, Extractor x2  
  98  5:53  Extractor  
  96  6:03  Overlord x2  
  96  6:05  Roach x7  
  96  6:09  Roach  
  112  6:14  Overlord x3  
  112  6:25  Overlord  
  112  6:28  Roach x5  
  122  6:33  Drone x3  
  122  6:38  Roach x3  
  131  6:52  Overlord x4  
  131  7:00  Roach  
  123  7:03  Roach x4  
  129  7:11  Roach  
  129  7:12  Roach x5  
  139  7:21  Roach  
  139  7:22  Roach x2  
  129  7:25  Roach  
  129  7:26  Roach x3  
  129  7:28  Roach x3  
  143  7:32  Roach  
  143  7:33  Roach  
  147  7:42  Hydralisk Den  
  147  7:43  Roach x2  
  150  7:47  Overlord, Hatchery  
  150  7:51  Roach x2  
  153  7:54  Overlord x3  
  153  8:04  Ravager  
  153  8:05  Ravager x3  
  157  8:06  Ravager x3  
  157  8:07  Ravager x2  
  162  8:13  Roach x8  
  172  8:22  Roach x5  
  182  8:31  Roach x2  
  182  8:33  Overlord x3  
  186  8:46  Roach x5  
  186  8:53  Roach x4  
  164  9:05  Roach  
  164  9:06  Roach x4  
  164  9:07  Roach  
  155  9:18  Roach  
  155  9:24  Roach x4  
  155  9:30  Roach  
  155  9:31  Zerg Missile Weapons Level 2, Zerg Ground Armor Level 2, Roach x2  
  167  9:36  Infestation Pit  
  166  9:39  Grooved Spines  
  166  9:40  Drone  
  166  9:41  Drone x2  
  166  9:44  Roach  
  166  9:45  Roach  
  173  9:49  Roach  
  173  9:50  Roach  
  173  9:52  Roach  
  179  10:01  Roach x4  
  179  10:03  Drone x2  
  179  10:04  Drone  
  179  10:06  Drone  
  189  10:32  Roach  
  189  10:33  Roach x4  
  199  10:36  Pneumatized Carapace  
  199  10:38  Overseer x3  
  199  10:47  Drone  
  199  10:49  Drone, Extractor  
  200  10:50  Muscular Augments, Drone, Extractor  
  200  11:05  Hive  
  200  11:11  Overlord  
  187  11:39  Roach x18  
  199  11:43  Roach x7  
  199  11:45  Roach  
  156  11:55  Roach x6  
  155  12:01  Roach  
  155  12:04  Roach  
  155  12:05  Roach x2  
  155  12:07  Roach x2  
  163  12:10  Roach x2  
  163  12:11  Roach x2  
  163  12:15  Hydralisk  
  161  12:23  Hydralisk x7  
  176  12:30  Drone x2  
  176  12:35  Hydralisk x5  
  187  12:38  Roach x2  
  187  12:39  Roach  
  193  12:48  Drone x4  
  197  13:01  Hydralisk  
  197  13:05  Hatchery  
  194  13:25  Roach x3  
  194  13:26  Roach x2  
  200  13:35  Roach  
  200  13:46  Roach x2  
  174  13:49  Roach x13  
  174  13:50  Roach x2  
Show
View Real Time Build Order
Export as new Build Order

Subang Zerg - Winner!

Build Orders: Hatch First 

Get SALT Encoding   

  12  0:00  Drone  
  13  0:12  Overlord  
  13  0:16  Drone  
  14  0:31  Drone x2  
  16  0:49  Hatchery  
  15  0:52  Drone  
  15  0:55  Drone  
  17  0:59  Drone  
  18  1:09  Extractor  
  17  1:15  Spawning Pool  
  16  1:18  Drone  
  16  1:22  Drone  
  18  1:28  Drone  
  19  1:39  Drone  
  20  1:52  Overlord  
  20  2:02  Queen x2  
  20  2:03  Drone  
  20  2:04  Drone  
  26  2:11  Drone  
  26  2:12  Drone  
  28  2:22  Drone  
  29  2:23  Drone  
  30  2:33  Overlord  
  30  2:34  Zergling x2  
  31  2:40  Lair  
  31  2:41  Queen  
  33  2:45  Drone x2  
  35  2:54  Drone  
  35  2:56  Drone  
  37  3:03  Evolution Chamber  
  37  3:04  Drone  
  37  3:05  Drone, Roach Warren  
  36  3:12  Drone x2  
  39  3:13  Drone  
  39  3:16  Overlord  
  40  3:22  Drone x2  
  42  3:27  Drone x2, Extractor  
  42  3:29  Drone, Extractor  
  43  3:40  Zerg Missile Weapons Level 1  
  43  3:46  Drone x6  
  49  3:51  Glial Reconstitution  
  49  3:55  Overlord  
  49  3:57  Drone  
  50  4:04  Roach  
  50  4:07  Overlord  
  50  4:08  Overlord  
  52  4:14  Roach  
  52  4:15  Roach x2  
  58  4:26  Hatchery  
  58  4:28  Overlord  
  58  4:30  Roach  
  59  4:40  Roach  
  59  4:41  Roach x2  
  59  4:42  Evolution Chamber  
  64  4:48  Roach x3  
  64  4:51  Roach  
  72  4:54  Roach  
  72  4:56  Roach  
  76  5:00  Overlord  
  76  5:08  Zerg Ground Armor Level 1  
  76  5:16  Overlord  
  76  5:17  Overlord x2  
  76  5:21  Roach x2  
  80  5:33  Roach x2  
  80  5:35  Overlord x2  
  83  5:36  Roach  
  83  5:40  Ravager  
  83  5:41  Ravager  
  88  5:42  Ravager  
  88  5:43  Ravager  
  88  5:46  Roach x2  
  88  5:48  Drone x3  
  96  5:50  Drone  
  96  5:56  Drone x3  
  100  6:02  Zerg Missile Weapons Level 2  
  100  6:06  Roach  
  102  6:18  Drone  
  102  6:19  Drone x4  
  102  6:24  Roach x2  
  111  6:32  Extractor, Roach x5  
  122  6:33  Roach  
  122  6:34  Overlord  
  122  6:38  Drone  
  123  6:40  Queen  
  125  6:48  Roach x2  
  129  6:54  Ravager  
  129  6:57  Roach x4  
  128  7:06  Roach x2  
  128  7:07  Roach x3  
  128  7:08  Overlord x2  
  138  7:19  Roach x2  
  138  7:22  Overlord x2  
  138  7:26  Overlord x2  
  138  7:31  Ravager  
  138  7:32  Ravager x2  
  138  7:36  Ravager  
  144  7:44  Roach x3  
  144  7:45  Drone x4  
  144  7:51  Drone x2  
  154  7:55  Ravager  
  156  7:58  Ravager  
  156  8:05  Drone x7  
  163  8:06  Drone x4  
  163  8:07  Extractor  
  163  8:09  Extractor  
  165  8:15  Overlord, Drone  
  165  8:18  Hatchery  
  165  8:30  Roach x2  
  165  8:31  Roach x2  
  165  8:33  Ravager  
  174  8:37  Pneumatized Carapace  
  174  8:38  Overlord x4  
  174  8:47  Overlord x2  
  174  8:48  Overlord x3  
  163  8:56  Roach  
  163  8:57  Roach x3  
  137  9:05  Roach x3  
  106  9:19  Roach x3  
  105  9:43  Roach x2  
  105  9:44  Roach x7  
  123  9:51  Roach x6  
  135  9:59  Roach  
  137  10:00  Zerg Ground Armor Level 2  
  137  10:04  Infestation Pit, Roach x3  
  142  10:10  Roach  
  142  10:11  Roach x2  
  148  10:17  Hydralisk Den  
  148  10:18  Hatchery  
  146  10:26  Roach  
  146  10:27  Roach x7  
  154  10:32  Roach  
  153  10:38  Roach x3  
  153  10:40  Queen  
  161  10:46  Ravager  
  162  10:50  Roach x3  
  162  10:54  Roach  
  170  11:04  Roach  
  170  11:05  Roach x2  
  176  11:12  Roach  
  176  11:13  Roach x7  
  190  11:22  Hydralisk x3  
  196  11:28  Lurker Den  
  189  11:35  Roach  
  189  11:36  Roach x3  
  147  11:47  Roach x11  
  147  11:52  Roach x3  
  147  11:53  Roach  
  153  12:08  Roach x6  
  152  12:20  Roach x4  
  156  12:27  Roach x3  
  162  12:34  Drone  
  163  12:42  Lair  
  163  12:45  Ravager  
  163  12:46  Ravager  
  163  12:48  Ravager  
  163  12:49  Ravager  
  167  12:54  Hydralisk x6  
  167  12:55  Hydralisk x2  
  183  12:59  Ravager  
  183  13:03  Lurker  
  185  13:14  Roach x5  
  193  13:26  Roach  
  199  13:27  Roach x2  
  177  13:47  Roach x12  
  172  13:50  Roach  
Tags
 
Add a new tag
Caveats
  • Supply blocks, unpowered buildings, or Contaminate may cause inaccurate times.
  • Supply counts are checked every 10 seconds.